 Dungeon Crawl Stone Soup version 0.30.0-15-g856e2d3f33 (webtiles) character file.

Game seed: 9326168509305954670

76363 qw the Severer (level 15, -21/98 HPs)
             Began as a Gargoyle Cinder Acolyte on May 18, 2023.
             Was an Elder of Okawaru.
             Killed from afar by Roxanne (74 damage)
             ... with a crystal spear
             ... on level 14 of the Dungeon.
             The game lasted 00:10:09 (20282 turns).

qw the Severer (Gargoyle Cinder Acolyte)           Turns: 20282, Time: 00:10:10

Health: -21/98     AC: 46    Str: 25    XL:     15   Next: 53%
Magic:  22/22      EV: 14    Int: 15    God:    Okawaru [****..]
Gold:   344        SH:  5    Dex:  5    Spells: 16/16 levels left

rFire   . . .        Y - +4 broad axe (heavy)
rCold   . . .        (no shield)
rNeg    + . .        s - +4 plate armour {Will+}
rPois   inf          p - +2 helmet
rElec   +            m - +0 cloak
rCorr   .            i - +2 pair of gloves
SInv    .            f - +2 pair of boots {Stlth+}
Will    +++..        d - amulet of reflection Stlth
                     o - ring of willpower
HPRegen 0.36/turn    k - +5 ring of evasion
MPRegen 0.18/turn

%: reflection
@: heroic, flying
A: sickness immunity, AC +11, big wings, negative energy resistance 1,
electricity resistance, torment resistance 1, petrification resistance
a: Renounce Religion, Heroism, Finesse


You were on level 14 of the Dungeon.
You worshipped Okawaru.
Okawaru was greatly pleased with you.
You visited 3 branches of the dungeon, and saw 20 of its levels.

You collected 1224 gold pieces.
You spent 880 gold pieces at shops.


Innate Abilities, Weirdness & Mutations

You are immune to sickness and miasma.
Your stone body is resilient. (AC +11)
You are immune to poison.
Your large and strong wings let you fly.
You resist negative energy. (rN+)
You are resistant to electric shocks. (rElec)
You are resistant to unholy torment.
You are immune to petrification.


   Skills:
 - Level 13.0(18.0) Fighting
 - Level 17.3(22.3) Axes
 + Level 5.8(10.8) Throwing
 - Level 13.0(18.0) Armour
 - Level 1.3(6.3) Dodging
 - Level 1.0 Spellcasting
 - Level 3.0 Fire Magic
 - Level 10.0 Invocations


You had 16 spell levels left.
You didn't know any spells.
Your spell library contained the following spells:

 Spells                   Type           Power      Damage    Failure   Level
 Scorch                   Fire           18%        2d5       54%         2

Inventory:

Hand Weapons
 b - a +3 hand axe of flaming
 Y - a +4 heavy broad axe (weapon)
Missiles
 c - 5 boomerangs
 v - a javelin (quivered)
Armour
 f - a +2 pair of boots of stealth (worn)
 i - a +2 pair of gloves (worn)
 m - a +0 cloak (worn)
 p - a +2 helmet (worn)
 s - a +4 plate armour of willpower (worn)
Jewellery
 d - an amulet of reflection (around neck)
 k - a +5 ring of evasion (right hand)
 o - a ring of willpower (left hand)
 t - a ring of resist corrosion
Scrolls
 a - 14 scrolls of identify
 h - 2 scrolls of teleportation
Potions
 g - 4 potions of heal wounds
 j - 2 potions of cancellation
 l - 4 potions of curing
 n - 5 potions of haste
 q - a potion of mutation
 r - 3 potions of magic

Dungeon Overview and Level Annotations

Branches:
Dungeon (14/15)            Temple (1/1) D:7            Lair (5/5) D:9
 Shoals (0/4) Lair:3        Snake (0/4) Lair:3        Slime (0/5) Lair:5
    Orc (0/2) D:9          Vaults (0/5) D:13

Altars:
Ashenzari
Cheibriados
Dithmenos
Elyvilon
Fedhas
Gozag
Hepliaklqana
Kikubaaqudgha
Makhleb
Nemelex Xobeh
Okawaru
Qazlal
Ru
Sif Muna
Trog
Uskayaw
Vehumet
Wu Jian
Xom
Yredelemnul
Zin
The Shining One
Jiyva

Shops:
D:8 *   D:13 [

Annotations:
D:2 1 runed translucent door, Crazy Yiuf
D:14 Roxanne


Message History

The centaur warrior shoots an arrow.
You block the arrow with an invisible shield... and reflect it back!
The arrow hits the centaur warrior!
The centaur warrior shoots an arrow.
The arrow hits you!
The centaur warrior unwields a +0 shortbow.
The centaur warrior hits you but does no damage.
You block the centaur warrior's attack.
The centaur warrior hits you but does no damage.
The centaur warrior kicks you but does no damage.
Roxanne mumbles some strange words.
You blink.
You slash Roxanne!
Roxanne is lightly damaged.
The centaur warrior wields a +0 shortbow.
The centaur warrior shoots an arrow.
The arrow hits you but does no damage.
You hit Roxanne. You punch Roxanne, but do no damage.
Roxanne is lightly damaged.
The centaur warrior shoots an arrow.
You block the arrow with an invisible shield... and reflect it back!
The arrow hits the centaur warrior!!
You slash Roxanne!
Roxanne is lightly damaged.
The centaur warrior shoots an arrow.
The arrow hits you!
You slice Roxanne!!
Roxanne is moderately damaged.
The centaur warrior shoots an arrow.
The arrow hits you!
You slice Roxanne like a ripe choko!!!
Roxanne is heavily damaged.
The centaur warrior shoots an arrow.
The arrow hits you!
The centaur warrior shoots an arrow.
The arrow hits you but does no damage.
You hit Roxanne.
Roxanne is heavily damaged.
The centaur warrior shoots an arrow.
The arrow hits you but does no damage.
You slice Roxanne!!
Roxanne is severely damaged.
The centaur warrior shoots an arrow.
The arrow barely misses you.
Roxanne mumbles some strange words.
The crystal spear hits you!!!!
Ouch! That really hurt!
You die...

.....(#..................
.........<.####.#........
......(.#..## [.........
..........(.#####........
........#................
......#.........##.......
##........c..#...........
#........####.#.#####...
#......@..# : # .....
#.......8...# ###.#
#.........#.# #>
#........#.... #
#........#... .
######...# .... ###.# #..
.. ..


You could see Roxanne and a centaur warrior.

Vanquished Creatures
  Gastronok (D:9)
  4 hydras
  A rakshasa (D:13)
  A merfolk avatar (Lair:5)
  2 catoblepae
  5 centaur warriors
  6 two-headed ogres
  4 death yaks (Lair:2)
  A deep elf knight (D:13)
  4 skeletal warriors
  A skyshark (Lair:4)
  Pikel (D:8)
  3 deep elf pyromancers (D:13)
  A deep elf zephyrmancer (D:13)
  2 harpies (Lair:5)
  18 ugly things
  5 cyclopes
  6 manticores
  Maurice (D:12)
  19 elephants
  A guardian serpent (Lair:3)
  4 black mambas
  2 gargoyles
  A torpor snail (Lair:5)
  Maggie (D:10)
  24 cane toads
  4 unseen horrors
  3 centaur skeletons (D:13)
  A rime drake (Lair:5)
  An efreet (D:14)
  2 kobold demonologists
  8 komodo dragons
  4 yaktaurs (D:13)
  A troll (D:10)
  4 polar bears
  3 hornets
  2 snapping turtles (Lair:5)
  20 blink frogs
  7 dream sheep (Lair:2)
  4 slime creatures (D:12)
  39 yaks
  2 shadows
  A wyvern (D:9)
  13 fire elementals
  2 wraiths
  5 vampire mosquitoes
  3 steam dragons
  A redback simulacrum (D:14)
  21 water moccasins
  An orc warrior (D:6)
  An ice beast (D:8)
  3 black bears
  An ogre (D:7)
  9 centaurs
  A lemure (D:8)
  A phantom (D:5)
  8 kobold brigands
  9 bullfrogs
  2 gnoll sergeants
  2 scorpions
  A scorpion (shapeshifter) (D:13)
  6 wights
  18 killer bees
  6 hounds
  4 jellies (Lair:5)
  An orc priest (D:6)
  4 iguanas
  Jessica (D:2)
  11 orc wizards
  Terence (D:3)
  A boggart skeleton (D:13)
  10 gnolls
  10 adders
  A shadow imp (D:6)
  4 white imps
  An ufetubus (D:5)
  A worm (D:5)
  4 dart slugs
  36 orcs
  7 endoplasms
  3 giant cockroaches
  10 goblins
  7 hobgoblins
  2 jackals (D:1)
  A quokka (D:3)
  6 ball pythons
  7 bats
  5 frilled lizards
  22 kobolds
  6 rats
505 creatures vanquished.

Vanquished Creatures (others)
  A blink frog (Lair:5)
1 creature vanquished.

Grand Total: 506 creatures vanquished

Notes
Turn   | Place    | Note
-------+----------+-------------------------------------------
     0 | D:1      | qw the Gargoyle Cinder Acolyte began the quest for the Orb.
     0 | D:1      | Reached XP level 1. HP: 14/14 MP: 2/2
     0 | D:1      | 0 ||| qw: Version: 0.2-a-95-gc95f03d
     0 | D:1      | 0 ||| qw: Game counter: 47
     0 | D:1      | 0 ||| qw: Always use a shield: true
     0 | D:1      | 0 ||| qw: God list: Okawaru
     0 | D:1      | 0 ||| qw: Allow faded altars: false
     0 | D:1      | 0 ||| qw: Do Orc after D:15 true
     0 | D:1      | 0 ||| qw: Do second Lair branch before Depths: true
     0 | D:1      | 0 ||| qw: Lair rune preference: random
     0 | D:1      | 0 ||| qw: Plans: Normal
     0 | D:1      | 0 ||| PLANNING D:1-11
    22 | D:1      | Reached skill level 3 in Axes
   130 | D:1      | Reached XP level 2. HP: 19/19 MP: 3/3
   341 | D:1      | 341 ||| Stepping ~*~*~tactically~*~*~ (stealth).
   505 | D:1      | Reached XP level 3. HP: 23/23 MP: 4/4
   741 | D:1      | 741 ||| UPGRADING to +0 pair of boots.
   746 | D:1      | 746 ||| UPGRADING to amulet of reflection.
   751 | D:1      | 751 ||| READING 2 scrolls labelled ROPNICEOHU.
   752 | D:1      | 752 ||| READING scroll labelled TEATED FORGHE.
   753 | D:1      | 753 ||| READING scroll labelled KANAOFR DEKO.
   756 | D:1      | 756 ||| DRINKING 3 cyan potions.
   757 | D:1      | 757 ||| DRINKING 2 sedimented golden potions.
   981 | D:2      | Identified the +0 whip of Resourcefulness {freeze, Str+5
                  | Dex+2}
  1016 | D:2      | Reached skill level 4 in Axes
  1021 | D:2      | Found a faded altar of an unknown god.
  1115 | D:2      | Noticed Jessica
  1116 | D:2      | 1116 ||| Stepping ~*~*~tactically~*~*~ (hiding).
  1117 | D:2      | 1117 ||| Stepping ~*~*~tactically~*~*~ (hiding).
  1135 | D:2      | 1135 ||| Stepping ~*~*~tactically~*~*~ (hiding).
  1139 | D:2      | Killed Jessica
  1140 | D:2      | Reached XP level 4. HP: 20/28 MP: 5/5
  1670 | D:2      | Found a runed translucent door.
  1671 | D:2      | Noticed Crazy Yiuf
  1879 | D:2      | 1879 ||| UPGRADING to +0 plate armour.
  1889 | D:2      | 1889 ||| DROPPING +0 robe.
  1890 | D:2      | 1890 ||| READING scroll labelled PESAFR PUIGGYNEPT.
  1891 | D:2      | 1891 ||| DRINKING 3 metallic amethyst potions.
  1892 | D:2      | 1892 ||| DRINKING 2 coppery potions.
  1893 | D:2      | 1893 ||| DROPPING 2 potions of flight.
  1998 | D:3      | Reached skill level 1 in Armour
  1999 | D:3      | 1999 ||| Stepping ~*~*~tactically~*~*~ (stealth).
  2000 | D:3      | 2000 ||| Stepping ~*~*~tactically~*~*~ (stealth).
  2021 | D:3      | 2021 ||| Stepping ~*~*~tactically~*~*~ (stealth).
  2033 | D:3      | Reached XP level 5. HP: 19/32 MP: 6/6
  2114 | D:3      | Found a glowing silver altar of Zin.
  2236 | D:3      | 2236 ||| Stepping ~*~*~tactically~*~*~ (hiding).
  2237 | D:3      | 2237 ||| Stepping ~*~*~tactically~*~*~ (hiding).
  2238 | D:3      | 2238 ||| Stepping ~*~*~tactically~*~*~ (hiding).
  2346 | D:3      | Noticed Terence
  2349 | D:3      | 2349 ||| Stepping ~*~*~tactically~*~*~ (stealth).
  2350 | D:3      | 2350 ||| Stepping ~*~*~tactically~*~*~ (stealth).
  2368 | D:3      | Killed Terence
  2369 | D:3      | Reached skill level 5 in Axes
  2534 | D:3      | Found an ornate altar of the Wu Jian Council.
  2547 | D:3      | 2547 ||| SWAPPING to +2 hand axe of flaming.
  2548 | D:3      | 2548 ||| DROPPING -1 hand axe of flaming.
  2637 | D:3      | 2637 ||| READING scroll labelled PEDDOXT DEPIUWK.
  2638 | D:3      | 2638 ||| READING scroll labelled XIHUASUEMN.
  2639 | D:3      | 2639 ||| READING scroll labelled KOX JIDAEFO.
  2640 | D:3      | 2640 ||| DRINKING 2 fuming white potions.
  2641 | D:3      | 2641 ||| DRINKING 3 potions of curing.
  2641 | D:3      | 2641 ||| (to cure confusion)
  2642 | D:3      | 2642 ||| DROPPING potion of ambrosia.
  2655 | D:4      | Noticed a black bear
  2664 | D:4      | Killed a black bear
  2665 | D:4      | Reached skill level 3 in Armour
  2665 | D:4      | Reached XP level 6. HP: 22/37 MP: 7/7
  2740 | D:4      | 2740 ||| Stepping ~*~*~tactically~*~*~ (stealth).
  2744 | D:4      | 2744 ||| Stepping ~*~*~tactically~*~*~ (stealth).
  2783 | D:4      | 2783 ||| Stepping ~*~*~tactically~*~*~ (stealth).
  2785 | D:4      | 2785 ||| Stepping ~*~*~tactically~*~*~ (stealth).
  2897 | D:4      | Found a shimmering altar of Xom.
  2918 | D:4      | 2918 ||| INVOKING Fiery Armour.
  3153 | D:4      | 3153 ||| Stepping ~*~*~tactically~*~*~ (hiding).
  3267 | D:4      | 3267 ||| Stepping ~*~*~tactically~*~*~ (hiding).
  3268 | D:4      | 3268 ||| Stepping ~*~*~tactically~*~*~ (hiding).
  3270 | D:4      | 3270 ||| Stepping ~*~*~tactically~*~*~ (hiding).
  3440 | D:4      | Found a radiant altar of Vehumet.
  3441 | D:4      | 3441 ||| READING 2 scrolls of identify.
  3441 | D:4      | 3441 ||| IDENTIFYING purple potion
  3442 | D:4      | 3442 ||| DROPPING potion of brilliance.
  3457 | D:5      | Entered Level 5 of the Dungeon
  3457 | D:5      | Found a blossoming altar of Fedhas.
  3465 | D:5      | 3465 ||| Stepping ~*~*~tactically~*~*~ (hiding).
  3466 | D:5      | 3466 ||| Stepping ~*~*~tactically~*~*~ (hiding).
  3477 | D:5      | Reached skill level 1 in Throwing
  3501 | D:5      | Reached XP level 7. HP: 43/43 MP: 8/8
  3523 | D:5      | Identified the +3 short sword of Articulation {flame, rElec
                  | rC+}
  3524 | D:5      | 3524 ||| SWAPPING to +0 war axe.
  3612 | D:5      | Reached skill level 6 in Axes
  3700 | D:5      | 3700 ||| Stepping ~*~*~tactically~*~*~ (stealth).
  3703 | D:5      | 3703 ||| Stepping ~*~*~tactically~*~*~ (hiding).
  3709 | D:5      | 3709 ||| DRINKING 2 potions of curing.
  3709 | D:5      | 3709 ||| (to cure confusion)
  3967 | D:5      | Found a broken altar of Ashenzari.
  4004 | D:5      | 4004 ||| READING scroll labelled YJEGIS NAULIKU.
  4038 | D:5      | 4038 ||| READING 4 scrolls of identify.
  4038 | D:5      | 4038 ||| IDENTIFYING lumpy purple potion
  4039 | D:5      | 4039 ||| DROPPING potion of magic.
  4080 | D:6      | 4080 ||| STAIRDANCE
  4098 | D:5      | Reached skill level 7 in Axes
  4208 | D:6      | Reached XP level 8. HP: 45/48 MP: 9/9
  4252 | D:6      | 4252 ||| Stepping ~*~*~tactically~*~*~ (hiding).
  4257 | D:6      | 4257 ||| Stepping ~*~*~tactically~*~*~ (hiding).
  4259 | D:6      | 4259 ||| DRINKING potion of curing.
  4259 | D:6      | 4259 ||| (to cure confusion)
  4280 | D:6      | 4280 ||| INVOKING Fiery Armour.
  4398 | D:6      | 4398 ||| UPGRADING to +0 helmet.
  4404 | D:6      | 4404 ||| Stepping ~*~*~tactically~*~*~ (stealth).
  4409 | D:6      | 4409 ||| Stepping ~*~*~tactically~*~*~ (stealth).
  4415 | D:6      | 4415 ||| STAIRDANCE
  4419 | D:6      | 4419 ||| Stepping ~*~*~tactically~*~*~ (stealth).
  4420 | D:6      | 4420 ||| Stepping ~*~*~tactically~*~*~ (stealth).
  4424 | D:6      | 4424 ||| INVOKING Fiery Armour.
  4428 | D:6      | 4428 ||| Stepping ~*~*~tactically~*~*~ (hiding).
  4429 | D:6      | 4429 ||| Stepping ~*~*~tactically~*~*~ (hiding).
  4431 | D:6      | 4431 ||| Stepping ~*~*~tactically~*~*~ (hiding).
  4447 | D:6      | HP: 8/49 [orc warrior/+0 halberd (7)]
  4896 | D:6      | 4896 ||| Stepping ~*~*~tactically~*~*~ (hiding).
  4899 | D:6      | 4899 ||| INVOKING Fiery Armour.
  4901 | D:6      | 4901 ||| Stepping ~*~*~tactically~*~*~ (hiding).
  4916 | D:6      | Reached skill level 8 in Axes
  4951 | D:6      | 4951 ||| Stepping ~*~*~tactically~*~*~ (stealth).
  4981 | D:6      | 4981 ||| DROPPING ring of flight.
  4982 | D:6      | 4982 ||| READING scroll labelled IBUXAO BURGHAWI.
  4983 | D:6      | 4983 ||| READING 3 scrolls of identify.
  4983 | D:6      | 4983 ||| IDENTIFYING white potion
  4984 | D:6      | 4984 ||| DROPPING potion of lignification.
  4990 | D:6      | 4990 ||| STAIRDANCE
  5319 | D:7      | 5319 ||| INVOKING Fiery Armour.
  5325 | D:7      | Reached skill level 6 in Fighting
  5325 | D:7      | Reached XP level 9. HP: 56/56 MP: 10/10
  5331 | D:7      | 5331 ||| Stepping ~*~*~tactically~*~*~ (stealth).
  5333 | D:7      | 5333 ||| Stepping ~*~*~tactically~*~*~ (stealth).
  5439 | D:7      | Found a staircase to the Ecumenical Temple.
  5446 | D:7      | Identified the +0 robe of a Billion Quests {*Slow rF- rC++
                  | SInv}
  5450 | D:7      | 5450 ||| Stepping ~*~*~tactically~*~*~ (stealth).
  5452 | D:7      | 5452 ||| Stepping ~*~*~tactically~*~*~ (hiding).
  5455 | D:7      | 5455 ||| Stepping ~*~*~tactically~*~*~ (stealth).
  5654 | D:7      | 5654 ||| SWAPPING to +1 heavy broad axe.
  5655 | D:7      | 5655 ||| DROPPING +0 war axe.
  5706 | D:8      | Noticed a two-headed ogre
  5707 | D:8      | 5707 ||| INVOKING Fiery Armour.
  5711 | D:8      | Reached skill level 9 in Axes
  5714 | D:8      | Killed a two-headed ogre
  5796 | D:8      | 5796 ||| READING scroll of enchant weapon.
  5796 | D:8      | 5796 ||| ENCHANTING +1 heavy broad axe.
  5837 | D:8      | 5837 ||| Stepping ~*~*~tactically~*~*~ (hiding).
  5839 | D:8      | 5839 ||| Stepping ~*~*~tactically~*~*~ (hiding).
  5842 | D:8      | 5842 ||| INVOKING Fiery Armour.
  5879 | D:8      | Reached XP level 10. HP: 59/63 MP: 11/11
  5885 | D:8      | 5885 ||| Stepping ~*~*~tactically~*~*~ (stealth).
  5889 | D:8      | Killed an unseen horror
  5890 | D:8      | Reached skill level 10 in Axes
  5899 | D:8      | 5899 ||| Stepping ~*~*~tactically~*~*~ (stealth).
  5928 | D:8      | Noticed Pikel
  5928 | D:8      | Noticed a two-headed ogre
  5929 | D:8      | 5929 ||| Stepping ~*~*~tactically~*~*~ (stealth).
  5931 | D:8      | Noticed a cyclops
  5932 | D:8      | 5932 ||| Stepping ~*~*~tactically~*~*~ (hiding).
  5939 | D:8      | Killed Pikel
  5948 | D:8      | Killed a two-headed ogre
  5950 | D:8      | Killed a cyclops
  5957 | D:8      | Reached skill level 11 in Axes
  6008 | D:8      | 6008 ||| Stepping ~*~*~tactically~*~*~ (stealth).
  6009 | D:8      | 6009 ||| Stepping ~*~*~tactically~*~*~ (stealth).
  6028 | D:8      | Reached skill level 1 in Dodging
  6042 | D:8      | 6042 ||| Stepping ~*~*~tactically~*~*~ (stealth).
  6043 | D:8      | 6043 ||| Stepping ~*~*~tactically~*~*~ (stealth).
  6096 | D:8      | 6096 ||| Stepping ~*~*~tactically~*~*~ (stealth).
  6105 | D:8      | 6105 ||| Stepping ~*~*~tactically~*~*~ (stealth).
  6106 | D:8      | 6106 ||| Stepping ~*~*~tactically~*~*~ (stealth).
  6107 | D:8      | 6107 ||| Stepping ~*~*~tactically~*~*~ (stealth).
  6108 | D:8      | 6108 ||| Stepping ~*~*~tactically~*~*~ (stealth).
  6124 | D:8      | 6124 ||| Stepping ~*~*~tactically~*~*~ (stealth).
  6126 | D:8      | 6126 ||| Stepping ~*~*~tactically~*~*~ (hiding).
  6324 | D:8      | 6324 ||| INVOKING Fiery Armour.
  6346 | D:8      | Found Ryihigy's General Store.
  6349 | D:8      | 6349 ||| BUYING +2 pair of boots of stealth (258 gold).
  6349 | D:8      | Bought a +2 pair of boots of stealth for 258 gold pieces
  6349 | D:8      | 6349 ||| BUYING scroll of identify (24 gold).
  6349 | D:8      | Bought a scroll of identify for 24 gold pieces
  6832 | D:8      | 6832 ||| UPGRADING to +2 pair of boots of stealth.
  6842 | D:8      | 6842 ||| DROPPING +0 pair of boots.
  6843 | D:8      | 6843 ||| UPGRADING to ring of willpower.
  6844 | D:8      | 6844 ||| READING 4 scrolls of identify.
  6844 | D:8      | 6844 ||| IDENTIFYING red potion
  6899 | D:9      | Found a staircase to the Lair.
  7024 | D:9      | Noticed a purple ugly thing
  7033 | D:9      | Killed a purple ugly thing
  7034 | D:9      | Reached skill level 9 in Fighting
  7186 | D:9      | Noticed a two-headed ogre
  7187 | D:9      | 7187 ||| Stepping ~*~*~tactically~*~*~ (stealth).
  7188 | D:9      | 7188 ||| Stepping ~*~*~tactically~*~*~ (stealth).
  7197 | D:9      | Killed a two-headed ogre
  7198 | D:9      | Reached XP level 11. HP: 39/71 MP: 12/12
  7200 | D:9      | 7200 ||| INVOKING Fiery Armour.
  7476 | D:9      | Noticed a two-headed ogre
  7477 | D:9      | 7477 ||| Stepping ~*~*~tactically~*~*~ (stealth).
  7637 | D:9      | Found a staircase to the Orcish Mines.
  7756 | D:9      | 7756 ||| Stepping ~*~*~tactically~*~*~ (hiding).
  7760 | D:9      | 7760 ||| INVOKING Fiery Armour.
  7762 | D:9      | 7762 ||| Stepping ~*~*~tactically~*~*~ (hiding).
  7765 | D:9      | 7765 ||| Stepping ~*~*~tactically~*~*~ (hiding).
  7890 | D:9      | 7890 ||| Stepping ~*~*~tactically~*~*~ (stealth).
  7907 | D:9      | Noticed Gastronok
  7918 | D:9      | Killed Gastronok
  8126 | D:9      | 8126 ||| PLANNING LAIR
  8126 | D:9      | 8126 ||| DROPPING +2 pair of boots.
  8127 | D:9      | 8127 ||| DROPPING amulet of regeneration.
  8128 | D:9      | 8128 ||| DROPPING ring of magical power.
  8129 | D:9      | 8129 ||| READING 2 scrolls labelled JUKHAR KEVOARGH.
  8130 | D:9      | 8130 ||| READING 5 scrolls of identify.
  8130 | D:9      | 8130 ||| IDENTIFYING bubbling purple potion
  8131 | D:9      | 8131 ||| DROPPING scroll of poison.
  8132 | D:9      | 8132 ||| DROPPING potion of degeneration.
  8155 | Lair:1   | Entered Level 1 of the Lair of Beasts
  8160 | Lair:1   | 8160 ||| READING scroll of enchant weapon.
  8160 | Lair:1   | 8160 ||| ENCHANTING +2 heavy broad axe.
  8287 | Lair:1   | Reached skill level 12 in Axes
  8299 | Lair:1   | 8299 ||| Stepping ~*~*~tactically~*~*~ (stealth).
  8362 | Lair:1   | Reached skill level 9 in Armour
  8674 | Lair:1   | Noticed a four-headed hydra
  8675 | Lair:1   | 8675 ||| INVOKING Fiery Armour.
  8677 | Lair:1   | 8677 ||| SWAPPING to +3 hand axe of flaming.
  8683 | Lair:1   | Killed a one-headed hydra
  8684 | Lair:1   | 8684 ||| SWAPPING to +3 heavy broad axe.
  8793 | Lair:1   | 8793 ||| Stepping ~*~*~tactically~*~*~ (stealth).
  8794 | Lair:1   | 8794 ||| Stepping ~*~*~tactically~*~*~ (stealth).
  8804 | Lair:1   | 8804 ||| INVOKING Fiery Armour.
  8963 | Lair:1   | Reached skill level 13 in Axes
  8989 | Lair:1   | 8989 ||| Stepping ~*~*~tactically~*~*~ (stealth).
  9005 | Lair:1   | Reached XP level 12. HP: 45/77 MP: 13/13
  9119 | Lair:1   | 9119 ||| PLANNING TEMPLE
  9119 | Lair:1   | 9119 ||| UPGRADING to +5 ring of evasion.
  9120 | Lair:1   | 9120 ||| READING scroll labelled BIWNIU KUIJ LAT.
  9221 | Lair:1   | 9221 ||| READING scroll labelled QYIJOWIGHO.
  9313 | Temple   | Entered the Ecumenical Temple
  9436 | Temple   | 9436 ||| PLANNING OKAWARU WORSHIP
  9454 | Temple   | Fell from the grace of Ignis
  9454 | Temple   | Became a worshipper of Warmaster Okawaru
  9454 | Temple   | 9454 ||| PLANNING LAIR
  9532 | D:9      | Killed a two-headed ogre
  9578 | Lair:1   | 9578 ||| Stepping ~*~*~tactically~*~*~ (stealth).
  9886 | Lair:2   | 9886 ||| PLANNING GAUNTLET
 10017 | Lair:2   | Reached * piety under Okawaru
 10061 | Lair:2   | Noticed a death yak
 10061 | Lair:2   | Noticed a death yak
 10062 | Lair:2   | Noticed a death yak
 10062 | Lair:2   | 10062 ||| Stepping ~*~*~tactically~*~*~ (stealth).
 10062 | Lair:2   | Noticed a death yak
 10063 | Lair:2   | 10063 ||| Stepping ~*~*~tactically~*~*~ (stealth).
 10064 | Lair:2   | 10064 ||| INVOKING Heroism.
 10074 | Lair:2   | Killed a death yak
 10075 | Lair:2   | Reached skill level 14 in Axes
 10075 | Lair:2   | 10075 ||| INVOKING Heroism.
 10075 | Lair:2   | HP: 17/77 [death yak (5)]
 10076 | Lair:2   | 10076 ||| READING 6 scrolls of teleportation.
 10076 | Lair:2   | HP: 5/77 [death yak (12)]
 10077 | Lair:2   | 10077 ||| DRINKING 3 potions of heal wounds.
 10078 | Lair:2   | Killed a death yak
 10079 | Lair:2   | Reached skill level 1 in Invocations
 10079 | Lair:2   | Killed a death yak
 10082 | Lair:2   | 10082 ||| Stepping ~*~*~tactically~*~*~ (stealth).
 10085 | Lair:2   | 10085 ||| INVOKING Heroism.
 10094 | Lair:2   | Reached skill level 3 in Invocations
 10094 | Lair:2   | Killed a death yak
 10095 | Lair:2   | Reached ** piety under Okawaru
 10098 | Lair:2   | 10098 ||| Stepping ~*~*~tactically~*~*~ (stealth).
 10099 | Lair:2   | 10099 ||| Stepping ~*~*~tactically~*~*~ (stealth).
 10100 | Lair:2   | 10100 ||| Stepping ~*~*~tactically~*~*~ (stealth).
 10101 | Lair:2   | 10101 ||| INVOKING Heroism.
 10105 | Lair:2   | Noticed a catoblepas
 10114 | Lair:2   | HP: 19/78 [something/blast of calcifying dust (3)]
 10115 | Lair:2   | 10115 ||| READING 5 scrolls of teleportation.
 10115 | Lair:2   | HP: 8/78 [dream sheep (4)]
 10116 | Lair:2   | 10116 ||| DRINKING 2 potions of heal wounds.
 10316 | Lair:2   | 10316 ||| INVOKING Heroism.
 10384 | Lair:2   | 10384 ||| INVOKING Heroism.
 10423 | Lair:2   | 10423 ||| RIP GAUNTLET
 10476 | Lair:2   | 10476 ||| PLANNING LAIR
 10481 | Lair:2   | 10481 ||| Stepping ~*~*~tactically~*~*~ (stealth).
 10482 | Lair:2   | 10482 ||| INVOKING Heroism.
 10510 | Lair:2   | 10510 ||| Stepping ~*~*~tactically~*~*~ (stealth).
 10740 | Lair:2   | You fall into a shaft and drop 1 floor!
 10741 | Lair:3   | 10741 ||| Stepping ~*~*~tactically~*~*~ (stealth).
 10900 | Lair:3   | Reached XP level 13. HP: 62/84 MP: 16/16
 10947 | Lair:3   | 10947 ||| INVOKING Heroism.
 10958 | Lair:3   | HP: 20/84 [fire elemental[the fiery vengeance of Ignis]
                  | (8)]
 10959 | Lair:3   | 10959 ||| READING 4 scrolls of teleportation.
 10960 | Lair:3   | 10960 ||| DRINKING potion of heal wounds.
 10987 | Lair:3   | 10987 ||| Stepping ~*~*~tactically~*~*~ (stealth).
 10990 | Lair:3   | 10990 ||| INVOKING Heroism.
 11104 | Lair:3   | 11104 ||| INVOKING Heroism.
 11126 | Lair:3   | You fall into a shaft and drop 2 floors!
 11126 | Lair:5   | Entered Level 5 of the Lair of Beasts
 11126 | Lair:5   | Was forgiven by Ignis
 11127 | Lair:5   | 11127 ||| DRINKING potion of curing.
 11127 | Lair:5   | 11127 ||| (to cure confusion)
 11129 | Lair:5   | 11129 ||| INVOKING Heroism.
 11144 | Lair:5   | Reached skill level 15 in Axes
 11147 | Lair:5   | 11147 ||| INVOKING Heroism.
 11152 | Lair:5   | Reached *** piety under Okawaru
 11159 | Lair:5   | Reached skill level 12 in Fighting
 11252 | Lair:5   | 11252 ||| INVOKING Heroism.
 11355 | Lair:4   | 11355 ||| INVOKING Heroism.
 11358 | Lair:4   | 11358 ||| SWAPPING to +3 hand axe of flaming.
 11367 | Lair:4   | 11367 ||| SWAPPING to +3 heavy broad axe.
 11372 | Lair:4   | 11372 ||| INVOKING Heroism.
 11528 | Lair:2   | 11528 ||| INVOKING Heroism.
 11554 | Lair:2   | 11554 ||| Stepping ~*~*~tactically~*~*~ (stealth).
 11590 | Lair:2   | 11590 ||| INVOKING Heroism.
 11639 | Lair:2   | 11639 ||| INVOKING Heroism.
 11642 | Lair:2   | 11642 ||| Stepping ~*~*~tactically~*~*~ (stealth).
 12483 | Lair:3   | Found a staircase to the Snake Pit.
 12484 | Lair:3   | 12484 ||| Stepping ~*~*~tactically~*~*~ (hiding).
 12597 | Lair:3   | Found a staircase to the Shoals.
 12647 | Lair:3   | You fall into a shaft and drop 2 floors!
 12647 | Lair:5   | Found a staircase to the Slime Pits.
 12649 | Lair:5   | 12649 ||| Stepping ~*~*~tactically~*~*~ (stealth).
 12666 | Lair:5   | 12666 ||| READING scroll labelled TOWKAIFREE.
 12667 | Lair:5   | 12667 ||| Stepping randomly (stuck).
 12668 | Lair:5   | 12668 ||| Stepping randomly (stuck).
 12669 | Lair:5   | 12669 ||| Stepping randomly (stuck).
 12670 | Lair:5   | 12670 ||| Stepping randomly (stuck).
 12671 | Lair:5   | 12671 ||| Stepping randomly (stuck).
 12672 | Lair:5   | 12672 ||| Stepping randomly (stuck).
 12673 | Lair:5   | 12673 ||| Stepping randomly (stuck).
 12674 | Lair:5   | 12674 ||| Stepping randomly (stuck).
 12675 | Lair:5   | 12675 ||| Stepping randomly (stuck).
 12676 | Lair:5   | 12676 ||| Stepping randomly (stuck).
 12677 | Lair:5   | 12677 ||| Stepping randomly (stuck).
 12687 | Lair:5   | 12687 ||| INVOKING Heroism.
 12693 | Lair:5   | 12693 ||| SWAPPING to +3 hand axe of flaming.
 12698 | Lair:5   | 12698 ||| SWAPPING to +3 heavy broad axe.
 12733 | Lair:5   | 12733 ||| Stepping randomly (stuck).
 12734 | Lair:5   | 12734 ||| Stepping randomly (stuck).
 12735 | Lair:5   | 12735 ||| Stepping randomly (stuck).
 12736 | Lair:5   | 12736 ||| Stepping randomly (stuck).
 12744 | Lair:5   | 12744 ||| Stepping randomly (stuck).
 12745 | Lair:5   | 12745 ||| Stepping randomly (stuck).
 12746 | Lair:5   | 12746 ||| Stepping randomly (stuck).
 12747 | Lair:5   | 12747 ||| Stepping randomly (stuck).
 12748 | Lair:5   | 12748 ||| Stepping randomly (stuck).
 12749 | Lair:5   | 12749 ||| Stepping randomly (stuck).
 12750 | Lair:5   | 12750 ||| Stepping randomly (stuck).
 12751 | Lair:5   | 12751 ||| Stepping randomly (stuck).
 12752 | Lair:5   | 12752 ||| Stepping randomly (stuck).
 12753 | Lair:5   | 12753 ||| Stepping randomly (stuck).
 12754 | Lair:5   | 12754 ||| Stepping randomly (stuck).
 12755 | Lair:5   | 12755 ||| Stepping randomly (stuck).
 12756 | Lair:5   | 12756 ||| Stepping randomly (stuck).
 12757 | Lair:5   | 12757 ||| Stepping randomly (stuck).
 12758 | Lair:5   | 12758 ||| Stepping randomly (stuck).
 12759 | Lair:5   | 12759 ||| Stepping randomly (stuck).
 12760 | Lair:5   | 12760 ||| Stepping randomly (stuck).
 12761 | Lair:5   | 12761 ||| Stepping randomly (stuck).
 12762 | Lair:5   | 12762 ||| Stepping randomly (stuck).
 12763 | Lair:5   | 12763 ||| Stepping randomly (stuck).
 12764 | Lair:5   | 12764 ||| Stepping randomly (stuck).
 12765 | Lair:5   | 12765 ||| Stepping randomly (stuck).
 12766 | Lair:5   | 12766 ||| Stepping randomly (stuck).
 12767 | Lair:5   | 12767 ||| Stepping randomly (stuck).
 12768 | Lair:5   | 12768 ||| Stepping randomly (stuck).
 12769 | Lair:5   | 12769 ||| Stepping randomly (stuck).
 12770 | Lair:5   | 12770 ||| Stepping randomly (stuck).
 12771 | Lair:5   | 12771 ||| Stepping randomly (stuck).
 12772 | Lair:5   | 12772 ||| Stepping randomly (stuck).
 12773 | Lair:5   | 12773 ||| Stepping randomly (stuck).
 12774 | Lair:5   | 12774 ||| Stepping randomly (stuck).
 12775 | Lair:5   | 12775 ||| Stepping randomly (stuck).
 12776 | Lair:5   | 12776 ||| Stepping randomly (stuck).
 12777 | Lair:5   | 12777 ||| Stepping randomly (stuck).
 12778 | Lair:5   | 12778 ||| Stepping randomly (stuck).
 12779 | Lair:5   | 12779 ||| Stepping randomly (stuck).
 12780 | Lair:5   | 12780 ||| READING 3 scrolls of teleportation.
 12784 | Lair:5   | 12784 ||| READING 2 scrolls of teleportation.
 12787 | Lair:5   | 12787 ||| READING scroll of teleportation.
 12792 | Lair:5   | 12792 ||| INVOKING Heroism.
 12803 | Lair:5   | Reached **** piety under Okawaru
 12812 | Lair:5   | 12812 ||| SWAPPING to +3 hand axe of flaming.
 12814 | Lair:5   | 12814 ||| INVOKING Heroism.
 12820 | Lair:5   | 12820 ||| SWAPPING to +3 heavy broad axe.
 12930 | Lair:5   | Reached skill level 16 in Axes
 13173 | Lair:3   | Identified the +1 ring mail of Spite {SInv}
 13197 | Lair:3   | 13197 ||| INVOKING Heroism.
 13387 | Lair:3   | 13387 ||| UPGRADING to +1 pair of gloves.
 13575 | Lair:4   | Gained mutation: Your large and strong wings let you fly.
                  | [Gargoyle growth]
 13575 | Lair:4   | Reached XP level 14. HP: 92/92 MP: 18/18
 13588 | Lair:4   | 13588 ||| Stepping ~*~*~tactically~*~*~ (stealth).
 13590 | Lair:4   | 13590 ||| Stepping ~*~*~tactically~*~*~ (stealth).
 13593 | Lair:4   | 13593 ||| Stepping ~*~*~tactically~*~*~ (stealth).
 13673 | Lair:4   | 13673 ||| Stepping ~*~*~tactically~*~*~ (hiding).
 13678 | Lair:4   | 13678 ||| INVOKING Heroism.
 13680 | Lair:4   | Reached skill level 6 in Invocations
 14101 | Lair:4   | 14101 ||| DROPPING scarf of shadows.
 14102 | Lair:4   | 14102 ||| UPGRADING to +0 cloak.
 14149 | Lair:5   | 14149 ||| Stepping ~*~*~tactically~*~*~ (stealth).
 14150 | Lair:5   | 14150 ||| Stepping ~*~*~tactically~*~*~ (hiding).
 14163 | Lair:5   | 14163 ||| INVOKING Heroism.
 14168 | Lair:5   | 14168 ||| Stepping ~*~*~tactically~*~*~ (stealth).
 14182 | Lair:5   | 14182 ||| Stepping ~*~*~tactically~*~*~ (stealth).
 14185 | Lair:5   | 14185 ||| Stepping ~*~*~tactically~*~*~ (stealth).
 14186 | Lair:5   | 14186 ||| Stepping ~*~*~tactically~*~*~ (stealth).
 14187 | Lair:5   | 14187 ||| Stepping ~*~*~tactically~*~*~ (stealth).
 14189 | Lair:5   | 14189 ||| Stepping ~*~*~tactically~*~*~ (stealth).
 14242 | Lair:5   | 14242 ||| Stepping ~*~*~tactically~*~*~ (stealth).
 14270 | Lair:5   | Reached skill level 12 in Armour
 14328 | Lair:5   | 14328 ||| Stepping ~*~*~tactically~*~*~ (stealth).
 14330 | Lair:5   | 14330 ||| Stepping ~*~*~tactically~*~*~ (stealth).
 14339 | Lair:5   | 14339 ||| INVOKING Heroism.
 14350 | Lair:5   | Reached ***** piety under Okawaru
 14629 | Lair:5   | 14629 ||| READING scroll of enchant weapon.
 14629 | Lair:5   | 14629 ||| ENCHANTING +3 heavy broad axe.
 14796 | Lair:5   | Identified the +9 mace of Extinguishment {freeze, rF+
                  | Will+}
 14834 | Lair:5   | Identified the +1 hat "Laargh" {rN++ Str+6 Dex-5} (Okawaru
                  | gifted it to you on level 5 of the Lair of Beasts)
 14834 | Lair:5   | Received a gift from Okawaru
 14928 | Lair:5   | Found a viscous altar of Jiyva.
 15033 | Lair:5   | 15033 ||| Stepping ~*~*~tactically~*~*~ (hiding).
 15036 | Lair:5   | 15036 ||| INVOKING Heroism.
 15037 | Lair:5   | 15037 ||| INVOKING Finesse.
 15258 | Lair:5   | 15258 ||| PLANNING D:1-11
 15258 | Lair:5   | 15258 ||| UPGRADING to +2 helmet.
 15268 | Lair:5   | 15268 ||| DROPPING +0 helmet.
 15269 | Lair:5   | 15269 ||| DROPPING +1 hat "Laargh" {rN++ Str+6 Dex-5}.
 15270 | Lair:5   | 15270 ||| DROPPING amulet of the acrobat.
 15343 | D:10     | Entered Level 10 of the Dungeon
 15360 | D:10     | 15360 ||| Stepping ~*~*~tactically~*~*~ (stealth).
 15487 | D:10     | Noticed Maggie
 15488 | D:10     | 15488 ||| Stepping ~*~*~tactically~*~*~ (hiding).
 15501 | D:10     | Killed Maggie
 15890 | D:10     | 15890 ||| Stepping ~*~*~tactically~*~*~ (stealth).
 15894 | D:10     | 15894 ||| Stepping ~*~*~tactically~*~*~ (stealth).
 15903 | D:10     | 15903 ||| Stepping ~*~*~tactically~*~*~ (hiding).
 15905 | D:10     | 15905 ||| Stepping ~*~*~tactically~*~*~ (hiding).
 16128 | D:10     | 16128 ||| Stepping ~*~*~tactically~*~*~ (hiding).
 16203 | D:10     | 16203 ||| READING 13 scrolls of identify.
 16203 | D:10     | 16203 ||| IDENTIFYING viscous brown potion
 16471 | D:11     | 16471 ||| Stepping randomly (disturbance).
 16472 | D:11     | 16472 ||| Stepping randomly (disturbance).
 16473 | D:11     | 16473 ||| Stepping randomly (disturbance).
 16481 | D:11     | 16481 ||| Stepping ~*~*~tactically~*~*~ (hiding).
 16482 | D:11     | 16482 ||| Stepping ~*~*~tactically~*~*~ (hiding).
 16483 | D:11     | 16483 ||| Stepping ~*~*~tactically~*~*~ (hiding).
 16679 | D:11     | Reached skill level 9 in Invocations
 16681 | D:11     | 16681 ||| INVOKING Heroism.
 16682 | D:11     | 16682 ||| INVOKING Finesse.
 16683 | D:11     | 16683 ||| INVOKING Finesse.
 17474 | D:11     | Identified the +0 glaive "Zichoh" {heavy, rElec Dex+7}
 17505 | D:11     | 17505 ||| PLANNING D
 17505 | D:11     | 17505 ||| READING scroll labelled MOERAI ADDA.
 17519 | D:12     | 17519 ||| STAIRDANCE
 17521 | D:11     | 17521 ||| INVOKING Heroism.
 17611 | D:12     | 17611 ||| Stepping ~*~*~tactically~*~*~ (stealth).
 17808 | D:12     | 17808 ||| Stepping ~*~*~tactically~*~*~ (stealth).
 17810 | D:12     | 17810 ||| Stepping ~*~*~tactically~*~*~ (stealth).
 17817 | D:12     | 17817 ||| INVOKING Heroism.
 17823 | D:12     | HP: 16/92 [slime creature (8)]
 17824 | D:12     | 17824 ||| READING 3 scrolls of teleportation.
 17825 | D:12     | 17825 ||| DRINKING 3 potions of heal wounds.
 18068 | D:12     | 18068 ||| INVOKING Heroism.
 18081 | D:12     | 18081 ||| INVOKING Heroism.
 18129 | D:12     | Noticed Maurice
 18136 | D:12     | Reached skill level 17 in Axes
 18143 | D:12     | Killed Maurice
 18208 | D:12     | 18208 ||| Stepping randomly (disturbance).
 18209 | D:12     | 18209 ||| Stepping randomly (disturbance).
 18380 | D:12     | 18380 ||| READING scroll of enchant armour.
 18380 | D:12     | 18380 ||| ENCHANTING +1 pair of gloves.
 18716 | D:13     | Found Fiticam's Antique Armour Shop.
 18726 | D:13     | 18726 ||| BUYING glowing plate armour (598 gold).
 18726 | D:13     | Bought a glowing plate armour for 598 gold pieces
 18903 | D:13     | Reached XP level 15. HP: 77/97 MP: 22/22
 19012 | D:13     | Found a hide-covered altar of Uskayaw.
 19050 | D:13     | 19050 ||| Stepping ~*~*~tactically~*~*~ (hiding).
 19056 | D:13     | Reached skill level 3 in Throwing
 19056 | D:13     | 19056 ||| Stepping ~*~*~tactically~*~*~ (hiding).
 19103 | D:13     | 19103 ||| Stepping ~*~*~tactically~*~*~ (hiding).
 19117 | D:13     | 19117 ||| Stepping ~*~*~tactically~*~*~ (hiding).
 19123 | D:13     | 19123 ||| INVOKING Heroism.
 19161 | D:13     | 19161 ||| Stepping ~*~*~tactically~*~*~ (hiding).
 19165 | D:13     | 19165 ||| INVOKING Heroism.
 19392 | D:13     | Found a gate to the Vaults.
 19438 | D:13     | 19438 ||| Stepping ~*~*~tactically~*~*~ (stealth).
 19446 | D:13     | 19446 ||| INVOKING Heroism.
 19448 | D:13     | Received a gift from Okawaru
 19681 | D:13     | 19681 ||| Stepping ~*~*~tactically~*~*~ (hiding).
 19685 | D:13     | 19685 ||| INVOKING Heroism.
 19950 | D:13     | 19950 ||| UPGRADING to +4 plate armour of willpower.
 19960 | D:13     | 19960 ||| DROPPING +0 plate armour.
 19961 | D:13     | 19961 ||| READING scroll labelled YLUMNI NIKERGH.
 19975 | D:14     | 19975 ||| INVOKING Heroism.
 19980 | D:14     | 19980 ||| Stepping ~*~*~tactically~*~*~ (hiding).
 20008 | D:14     | 20008 ||| INVOKING Heroism.
 20194 | D:14     | 20194 ||| Stepping ~*~*~tactically~*~*~ (hiding).
 20226 | D:14     | 20226 ||| Stepping ~*~*~tactically~*~*~ (stealth).
 20227 | D:14     | 20227 ||| Stepping ~*~*~tactically~*~*~ (stealth).
 20228 | D:14     | 20228 ||| Stepping ~*~*~tactically~*~*~ (stealth).
 20234 | D:14     | 20234 ||| Stepping ~*~*~tactically~*~*~ (stealth).
 20270 | D:14     | Noticed Roxanne
 20271 | D:14     | 20271 ||| INVOKING Heroism.
 20282 | D:14     | Killed from afar by Roxanne

Levels and vault maps discovered:
D:1:      dpeg_arrival_subterranean_lakeside_camping, layout_loops_ring
D:2:      layout_loops_corners, nicolae_ecumenical_snake_handling,
          uniq_crazy_yiuf_cottage, uniq_jessica
D:3:      layout_rooms, zin_academy, nicolae_wu_jian_immortal_techniques,
          uniq_terence
D:4:      layout_cave_pools, mainiacjoe_overflow_swirl
D:5:      layout_rooms, nicolae_overflow_hidden_temple, kennysheep_little_box
D:6:      layout_cave_pools, nicolae_water_bricks, kennysheep_dice
D:7:      layout_rooms, temple_pool_b
D:8:      layout_gridville, serial_shops, kennysheep_mini,
          minmay_pinched_square, uniq_pikel
D:9:      minmay_weird_star, layout_basic, uniq_gastronok
D:10:     layout_gridville, minmay_crystal_room, uniq_maggie
D:11:     layout_grid_maze
D:12:     layout_irregular_city, uniq_maurice
D:13:     layout_basic, hangedman_vaults_entry_quadrant_bands, serial_shops,
          shop, dancing_weapons_uskayaw
D:14:     layout_rooms, kennysheep_cross_bottleneck, uniq_roxanne
Temple:   nicolae_temple_elliptical
Lair:1:   cheibrodos_lair_river_kwai, layout_regular_city
Lair:2:   layout_layer_cave, gauntlet_entry_generic, nicolae_lair_grazing_beasts
          [nicolae_sub_lair_graze_edge, nicolae_sub_lair_graze_edge,
          nicolae_sub_lair_graze_edge, nicolae_sub_lair_graze_edge],
          infiniplex_staircase_pool_2, grunt_megastairs_1
Lair:3:   layout_regular_city, shoals_dummy_entry,
          minmay_snake_entry_spellcaster, serial_bayou_pond_d
Lair:4:   layout_misc_corridors, cheibrodos_lair_reptile_den,
          grunt_megastairs_2, lemuel_fruit_tree, serial_bayou_shore_a
Lair:5:   gammafunk_lair_ancient_temple, layout_long_grid,
          nicolae_slime_entry_field_trip, hibernation_bobbens

Skill      XL: |  1  2  3  4  5  6  7  8  9 10 11 12 13 14 15 |
---------------+----------------------------------------------+-----
Axes           | 3 4 5 7 8 9 11 13 14 16 17 | 17.3
Armour         | 2 3 4 5 7 8 9 10 11 12 13 | 13.0
Fighting       | 4 6 7 9 10 11 12 13 | 13.0
Throwing       | 1 2 5 |  5.8
Dodging        | 1 |  1.3
Invocations    | 4 5 10 | 10.0
Spellcasting   | |  1.0
Fire Magic     | |  3.0

Action                     |  1- 3 |  4- 6 |  7- 9 | 10-12 | 13-15 || total
---------------------------+-------+-------+-------+-------+-------++-------
  Melee: Hand axe          |    96 |   184 |     1 |     6 |    18 ||   305
         Punch             |     1 |     1 |     3 |     6 |    13 ||    24
         War axe           |       |       |   240 |       |       ||   240
         Broad axe         |       |       |    30 |   293 |   582 ||   905
  Throw: Javelin           |       |     2 |    37 |     5 |    15 ||    59
         Boomerang         |       |       |     3 |     3 |    98 ||   104
 Invoke: Fiery Armour      |       |     1 |     6 |     5 |       ||    12
         Heroism           |       |       |       |     7 |    31 ||    38
         Finesse           |       |       |       |       |     2 ||     2
    Use: Scroll            |     3 |     5 |     5 |     8 |    11 ||    32
         Potion            |     2 |     4 |     2 |     2 |     3 ||    13
   Stab: Petrifying        |       |       |       |       |     1 ||     1
 Armour: Robe              |    34 |     1 |       |       |       ||    35
         Plate armour      |       |    89 |   246 |   283 |   505 ||  1123
  Dodge: Dodged            |    39 |    41 |    75 |   165 |   408 ||   728
  Block: Other             |    10 |    28 |    84 |    98 |   172 ||   392
         Reflection        |       |       |     4 |       |    11 ||    15

Table legend:
 A = Non-vault XP
 B = Vault XP
 C = Vault XP percentage of total XP
 D = Non-vault monster count
 E = Vault monster count
 F = Vault count percentage of total count
                 A         B        C        D         E       F
            +---------+---------+-------+---------+---------+-------
      Total |   76894 |   32197 |  29.5 |     387 |     105 |  21.3
            +---------+---------+-------+---------+---------+-------
        D:1 |      31 |       9 |  22.5 |      18 |       6 |  25.0
        D:2 |      14 |      66 |  82.5 |       9 |       5 |  35.7
        D:3 |      92 |      36 |  28.1 |      25 |       1 |   3.8
        D:4 |     285 |       0 |   0.0 |      15 |       0 |   0.0
        D:5 |     615 |       0 |   0.0 |      19 |       0 |   0.0
        D:6 |     982 |     154 |  13.6 |      28 |       2 |   6.7
        D:7 |     687 |       0 |   0.0 |      21 |       0 |   0.0
        D:8 |    1770 |    3537 |  66.6 |      28 |      16 |  36.4
        D:9 |    3327 |    1455 |  30.4 |      22 |       1 |   4.3
       D:10 |    1862 |     404 |  17.8 |       8 |       1 |  11.1
       D:11 |    4485 |       0 |   0.0 |      21 |       0 |   0.0
       D:12 |    7490 |     503 |   6.3 |      22 |       1 |   4.3
       D:13 |    7327 |    6859 |  48.4 |      15 |      18 |  54.5
       D:14 |   10957 |       0 |   0.0 |      20 |       0 |   0.0
     Lair:1 |    5102 |    2417 |  32.1 |      20 |       6 |  23.1
     Lair:2 |    9058 |    4502 |  33.2 |      25 |      11 |  30.6
     Lair:3 |    2945 |     478 |  14.0 |      14 |       1 |   6.7
     Lair:4 |    3991 |    1769 |  30.7 |      12 |       9 |  42.9
     Lair:5 |   15874 |   10008 |  38.7 |      45 |      27 |  37.5
            +---------+---------+-------+---------+---------+-------
